3AAA
HIALEAH DODOS @ MILTON BILLS
06/15/2017
 
TOP OF THE 1ST
Milton Bills batting - Pitching for Winchester Cosmos : RHP Pedro Cervantes
Pitching: RHP Pedro Cervantes
Batting: RHB Don Thomas 0-0: Ball
1-0: Called Strike
1-1: Ball
2-1: Foul Ball, location: 2F
2-2: Foul Ball, location: 2F
2-2: Foul Ball, location: 2F
2-2: Ball
3-2: DOUBLE (Flyball, 78M)
Batting: RHB Bartolo Lińares 0-0: Ball
1-0: Swinging Strike
1-1: Foul Ball, location: 2F
1-2: Strikes out looking
Batting: LHB David Hunt 0-0: Ball
1-0: Fly out, F7 (Flyball, 7S)
Batting: RHB Mark McBride 0-0: Ball
1-0: DOUBLE (Line Drive, 8LD)
Don Thomas scores
Batting: LHB Vincente Bruno 0-0: Ground out 4-3 (Groundball, 4)
Top of the 1st over - 1 run(s), 2 hit(s), 0 error(s), 1 left on base; Milton 1 - Winchester 0
BOTTOM OF THE 1ST
Winchester Cosmos batting - Pitching for Milton Bills : LHP Matthew Watts
Pitching: LHP Matthew Watts
Batting: RHB Ryan Carr 0-0: Ground out 4-3 (Groundball, 4)
Batting: RHB Richard Weaver 0-0: Ball
1-0: Swinging Strike
1-1: Foul Ball, location: 2F
1-2: Foul Ball, location: 2F
1-2: SINGLE (Line Drive, 89S)
Batting: RHB Manny Hernández 0-0: Ball
1-0: SINGLE (Line Drive, 89M)
Richard Weaver to second
Batting: RHB Ángel González 0-0: Ball
1-0: Called Strike
1-1: Ball
2-1: Foul Ball, location: 2F
2-2: Ball
3-2: Base on Balls
Richard Weaver to third
Manny Hernández to second
Batting: SHB Joe Mueller 0-0: Called Strike
0-1: Fly out, F2 (Popup, 2RF)
Batting: RHB Lou Woodward 0-0: Ground out 3-1 (Groundball, 34)
Bottom of the 1st over - 0 run(s), 2 hit(s), 0 error(s), 3 left on base; Milton 1 - Winchester 0
TOP OF THE 2ND
Milton Bills batting - Pitching for Winchester Cosmos : RHP Pedro Cervantes
Batting: RHB Ed Patterson 0-0: Ball
1-0: Called Strike
1-1: SINGLE (Line Drive, 78S)
Batting: RHB Luis Gómez 0-0: Ball
1-0: Swinging Strike
1-1: Ball
2-1: Foul Ball, location: 2F
2-2: Fly out, F7 (Flyball, 7LM)
Batting: RHB Pedro Sánchez 0-0: Ball
1-0: Ball
2-0: Ball
3-0: Called Strike
3-1: Foul Ball, location: 2F
3-2: Strikes out swinging
Batting: SHB Al Anderson 0-0: Called Strike
0-1: Called Strike
0-2: Ball
1-2: Foul Ball, location: 2F
1-2: Ball
2-2: Ball
3-2: SINGLE (Groundball, 4)
Ed Patterson to second
Ed Patterson to third
Batting: RHB Don Thomas 0-0: Called Strike
0-1: Foul Ball, location: 2F
0-2: Ball
1-2: Ball
2-2: SINGLE (Line Drive, 56)
Ed Patterson scores
Al Anderson to second
Batting: RHB Bartolo Lińares 0-0: Called Strike
0-1: SINGLE (Line Drive, 89S)
Al Anderson to third
Don Thomas to second
Runner from 3rd tries for Home, SAFE, no throw or cutoff
Batting: LHB David Hunt 0-0: Ball
1-0: Foul Ball, location: 2F
1-1: Ball
2-1: Ball
3-1: Ground out 4-3 (Groundball, 4)
Top of the 2nd over - 2 run(s), 4 hit(s), 0 error(s), 2 left on base; Milton 3 - Winchester 0
BOTTOM OF THE 2ND
Winchester Cosmos batting - Pitching for Milton Bills : LHP Matthew Watts
Batting: RHB Júlio Aguirre 0-0: Ground out 6-3 (Groundball, 6M)
Batting: RHB Jim Browning 0-0: SINGLE (Groundball, 34)
Batting: SHB Charles Harris 0-0: Called Strike
0-1: Foul Ball, location: 2F
0-2: Ball
1-2: Ground out U3 (Groundball, 3S)
Jim Browning to second
Batting: RHB Ryan Carr 0-0: Called Strike
0-1: Ball
1-1: Ball
2-1: Fly out, F6 (Line Drive, 6)
Bottom of the 2nd over - 0 run(s), 1 hit(s), 0 error(s), 1 left on base; Milton 3 - Winchester 0
TOP OF THE 3RD
Milton Bills batting - Pitching for Winchester Cosmos : RHP Pedro Cervantes
Batting: RHB Mark McBride 0-0: Ball
1-0: Called Strike
1-1: Swinging Strike
1-2: Ball
2-2: Strikes out swinging
Batting: LHB Vincente Bruno 0-0: Foul Ball, location: 2F
0-1: SINGLE (Groundball, 6MD)
Batting: RHB Ed Patterson 0-0: SINGLE (Groundball, 13) (infield hit)
Vincente Bruno to second
Batting: RHB Luis Gómez 0-0: Ball
1-0: Swinging Strike
1-1: Ball
2-1: Ball
3-1: Base on Balls
Vincente Bruno to third
Ed Patterson to second
Batting: RHB Pedro Sánchez 0-0: Ball
1-0: Ball
2-0: Ball
3-0: Called Strike
3-1: Called Strike
3-2: SINGLE (Groundball, 56D)
Vincente Bruno scores
Ed Patterson to third
Luis Gómez to second
Batting: SHB Al Anderson 0-0: Called Strike
0-1: Called Strike
0-2: Ball
1-2: Grounds into double play, 6-4-3 (Groundball, 6M)
Top of the 3rd over - 1 run(s), 3 hit(s), 0 error(s), 2 left on base; Milton 4 - Winchester 0
BOTTOM OF THE 3RD
Winchester Cosmos batting - Pitching for Milton Bills : LHP Matthew Watts
Batting: RHB Richard Weaver 0-0: Swinging Strike
0-1: Ground out 1-3 (Groundball, 15)
Batting: RHB Manny Hernández 0-0: Called Strike
0-1: Foul Ball, location: 2F
0-2: Ball
1-2: Foul Ball, location: 2F
1-2: Strikes out looking
Batting: RHB Ángel González 0-0: Foul Ball, location: 2F
0-1: Called Strike
0-2: Ball
1-2: Strikes out swinging
Bottom of the 3rd over - 0 run(s), 0 hit(s), 0 error(s), 0 left on base; Milton 4 - Winchester 0
TOP OF THE 4TH
Milton Bills batting - Pitching for Winchester Cosmos : RHP Pedro Cervantes
Batting: RHB Don Thomas 0-0: Called Strike
0-1: Called Strike
0-2: Ball
1-2: Ball
2-2: Strikes out swinging
Batting: RHB Bartolo Lińares 0-0: Swinging Strike
0-1: Called Strike
0-2: Strikes out swinging
Batting: LHB David Hunt 0-0: Called Strike
0-1: Foul Ball, location: 2F
0-2: Ball
1-2: Ball
2-2: Strikes out looking
Top of the 4th over - 0 run(s), 0 hit(s), 0 error(s), 0 left on base; Milton 4 - Winchester 0
BOTTOM OF THE 4TH
Winchester Cosmos batting - Pitching for Milton Bills : LHP Matthew Watts
Batting: SHB Joe Mueller 0-0: Ball
1-0: Ball
2-0: Ground out 6-3 (Groundball, 6)
Batting: RHB Lou Woodward 0-0: Called Strike
0-1: Called Strike
0-2: Ball
1-2: Foul Ball, location: 2F
1-2: Ball
2-2: Foul Ball, location: 2F
2-2: Ball
3-2: Foul Ball, location: 2F
3-2: SINGLE (Line Drive, 8RS)
Batting: RHB Júlio Aguirre 0-0: Ball
1-0: Ball
2-0: Grounds into double play, 6-4-3 (Groundball, 6M)
Bottom of the 4th over - 0 run(s), 1 hit(s), 0 error(s), 0 left on base; Milton 4 - Winchester 0
TOP OF THE 5TH
Milton Bills batting - Pitching for Winchester Cosmos : RHP Pedro Cervantes
Batting: RHB Mark McBride 0-0: Ball
1-0: Ball
2-0: Ball
3-0: Base on Balls
Batting: LHB Vincente Bruno 0-0: Swinging Strike
0-1: Fly out, F7 (Flyball, 7M)
Batting: RHB Ed Patterson 0-0: Fly out, F7 (Flyball, 78M)
Batting: RHB Luis Gómez 0-0: Called Strike
0-1: Ball
1-1: Called Strike
1-2: Fielders Choice at 2nd, U6 (Groundball, 6M)
Top of the 5th over - 0 run(s), 0 hit(s), 0 error(s), 1 left on base; Milton 4 - Winchester 0
BOTTOM OF THE 5TH
Winchester Cosmos batting - Pitching for Milton Bills : LHP Matthew Watts
Batting: RHB Jim Browning 0-0: Called Strike
0-1: Fly out, F8 (Flyball, 8RM)
Batting: SHB Charles Harris 0-0: Ball
1-0: Ball
2-0: Ball
3-0: Called Strike
3-1: Foul Ball, location: 2F
3-2: Foul Ball, location: 2F
3-2: Base on Balls
Batting: RHB Ryan Carr 0-0: Ball
1-0: Ball
2-0: Ball
Passed Ball!
Charles Harris to second
3-0: Called Strike
3-1: Fly out, F4 (Popup, 4MD)
Batting: RHB Richard Weaver 0-0: Called Strike
0-1: Ball
1-1: Ball
2-1: Swinging Strike
2-2: Foul Ball, location: 2F
2-2: Ball
3-2: Strikes out swinging
Bottom of the 5th over - 0 run(s), 0 hit(s), 0 error(s), 1 left on base; Milton 4 - Winchester 0
TOP OF THE 6TH
Milton Bills batting - Pitching for Winchester Cosmos : RHP Pedro Cervantes
Batting: RHB Pedro Sánchez 0-0: Called Strike
0-1: Ball
1-1: DOUBLE (Flyball, 8RM)
Pitching: LHP Cliff Messer
Batting: SHB Al Anderson 0-0: Ball
1-0: Called Strike
1-1: Foul Ball, location: 2F
1-2: Strikes out swinging
Batting: RHB Don Thomas 0-0: Called Strike
0-1: Ball
1-1: Called Strike
1-2: Strikes out looking
Batting: RHB Bartolo Lińares 0-0: Ball
1-0: Fly out, F9 (Flyball, 89M)
Top of the 6th over - 0 run(s), 1 hit(s), 0 error(s), 1 left on base; Milton 4 - Winchester 0
BOTTOM OF THE 6TH
Winchester Cosmos batting - Pitching for Milton Bills : LHP Matthew Watts
Batting: RHB Manny Hernández 0-0: Called Strike
0-1: DOUBLE (Groundball, 5L)
Batting: RHB Ángel González 0-0: Called Strike
0-1: SINGLE (Groundball, 6MD)
Manny Hernández to third
Runner from 3rd tries for Home, SAFE, throw made home
Ángel González to second
Batting: SHB Joe Mueller 0-0: Ball
1-0: Ball
2-0: Called Strike
2-1: Swinging Strike
2-2: DOUBLE (Line Drive, 5D)
Ángel González scores
Batting: RHB Lou Woodward 0-0: Ball
1-0: Ball
2-0: Ball
3-0: Called Strike
3-1: SINGLE (Groundball, 56D)
Joe Mueller to third
Runner from 3rd tries for Home, SAFE, throw made home
Lou Woodward to second
Batting: RHB Júlio Aguirre 0-0: Called Strike
0-1: Foul Ball, location: 2F
0-2: Foul Ball, location: 2F
0-2: Foul Ball, location: 2F
0-2: Ball
1-2: Ball
2-2: Ball
3-2: Base on Balls
Batting: RHB Jim Browning 0-0: Bunted foul
0-1: Sac Bunt - play at first, batter OUT! 2-4
Lou Woodward to third
Júlio Aguirre to second
Batting: SHB Charles Harris 0-0: Foul Ball, location: 2F
0-1: Foul Ball, location: 2F
0-2: Ground out 3-1 (Groundball, 34)
Lou Woodward scores
Júlio Aguirre to third
Batting: RHB Ryan Carr 0-0: Ball
1-0: Called Strike
1-1: Ball
2-1: Fly out, F7 (Flyball, 7M)
Bottom of the 6th over - 4 run(s), 4 hit(s), 0 error(s), 1 left on base; Milton 4 - Winchester 4
TOP OF THE 7TH
Milton Bills batting - Pitching for Winchester Cosmos : LHP Cliff Messer
Pitching: LHP Ricardo Ávila
Pinch Hitting: RHB Lorenzo Acuńa 0-0: Ball
1-0: Fly out, F7 (Flyball, 8LM)
Batting: RHB Mark McBride 0-0: Ball
1-0: Ground out 3-1 (Groundball, 34)
Pitching: RHP Jesús López
Batting: LHB Vincente Bruno 0-0: SINGLE (Groundball, 34)
Batting: RHB Ed Patterson 0-0: Ball
1-0: Foul Ball, location: 2F
1-1: Foul Ball, location: 2F
1-2: Ground out 5-3 (Groundball, 56)
Top of the 7th over - 0 run(s), 1 hit(s), 0 error(s), 1 left on base; Milton 4 - Winchester 4
BOTTOM OF THE 7TH
Winchester Cosmos batting - Pitching for Milton Bills : LHP Matthew Watts
Now in LF: Jim Unknown
Batting: RHB Richard Weaver 0-0: Ball
1-0: Called Strike
1-1: Ball
2-1: Fly out, F6 (Line Drive, 6)
Batting: RHB Manny Hernández 0-0: Called Strike
0-1: Called Strike
0-2: Ball
1-2: Ground out 5-3 (Groundball, 5S)
Batting: RHB Ángel González 0-0: Ball
1-0: Foul Ball, location: 2F
1-1: Ball
2-1: Ball
3-1: Base on Balls
Pitching: LHP Jim Unknown
Batting: SHB Joe Mueller 0-0: Ball
Ángel González steals 2nd base
1-0: Ball
2-0: Called Strike
2-1: Foul Ball, location: 2F
2-2: Foul Ball, location: 2F
2-2: Strikes out swinging
Bottom of the 7th over - 0 run(s), 0 hit(s), 0 error(s), 1 left on base; Milton 4 - Winchester 4
TOP OF THE 8TH
Milton Bills batting - Pitching for Winchester Cosmos : RHP Jesús López
Batting: RHB Luis Gómez 0-0: Foul Ball, location: 2F
0-1: Fly out, F8 (Flyball, 8LD)
Batting: RHB Pedro Sánchez 0-0: Foul Ball, location: 2F
0-1: Ball
1-1: SINGLE (Popup, 3D)
Pinch Hitting: LHB Mike Casey 0-0: Ball
1-0: Ball
2-0: Called Strike
2-1: Swinging Strike
2-2: Strikes out swinging
Batting: RHB Don Thomas 0-0: SINGLE (Line Drive, 6M)
Pedro Sánchez to second
Batting: RHB Bartolo Lińares 0-0: Ball
1-0: Called Strike
1-1: Called Strike
1-2: Strikes out swinging
Top of the 8th over - 0 run(s), 2 hit(s), 0 error(s), 2 left on base; Milton 4 - Winchester 4
BOTTOM OF THE 8TH
Winchester Cosmos batting - Pitching for Milton Bills : LHP Jim Unknown
Now at 1B: Mike Casey
Batting: RHB Lou Woodward 0-0: Called Strike
0-1: Ball
1-1: Ball
2-1: Ball
3-1: Foul Ball, location: 2F
3-2: Foul Ball, location: 2F
3-2: Strikes out swinging
Batting: RHB Júlio Aguirre 0-0: Foul Ball, location: 2F
0-1: Fly out, F8 (Flyball, 8RM)
Batting: RHB Jim Browning 0-0: Ball
1-0: Ball
2-0: Foul Ball, location: 2F
2-1: Ground out 5-3 (Groundball, 56)
Bottom of the 8th over - 0 run(s), 0 hit(s), 0 error(s), 0 left on base; Milton 4 - Winchester 4
TOP OF THE 9TH
Milton Bills batting - Pitching for Winchester Cosmos : RHP Jesús López
Pitching: RHP Jorge Ayala
Batting: RHB Jim Unknown 0-0: Ball
1-0: Swinging Strike
1-1: Called Strike
1-2: Ball
2-2: Ball
3-2: Strikes out swinging
Batting: RHB Mark McBride 0-0: Called Strike
0-1: Ball
1-1: Swinging Strike
1-2: Strikes out swinging
Batting: LHB Vincente Bruno 0-0: Ball
1-0: Foul Ball, location: 2F
1-1: Foul Ball, location: 2F
1-2: Strikes out swinging
Top of the 9th over - 0 run(s), 0 hit(s), 0 error(s), 0 left on base; Milton 4 - Winchester 4
BOTTOM OF THE 9TH
Winchester Cosmos batting - Pitching for Milton Bills : LHP Jim Unknown
Pitching: RHP Jim Unknown
Pinch Hitting: RHB Dewey McClellan 0-0: Ball
1-0: Ball
2-0: Swinging Strike
2-1: Foul Ball, location: 2F
2-2: Strikes out looking
Batting: RHB Ryan Carr 0-0: Foul Ball, location: 2F
0-1: Ball
1-1: Called Strike
1-2: Strikes out swinging
Batting: RHB Richard Weaver 0-0: Called Strike
0-1: Called Strike
0-2: Ball
1-2: Strikes out swinging
Bottom of the 9th over - 0 run(s), 0 hit(s), 0 error(s), 0 left on base; Milton 4 - Winchester 4
TOP OF THE 10TH
Milton Bills batting - Pitching for Winchester Cosmos : RHP Jorge Ayala
Now at C: John Robinson
Batting: RHB Ed Patterson 0-0: Ball
1-0: Ball
2-0: Ball
3-0: Called Strike
3-1: SINGLE (Groundball, 4MD)
Batting: RHB Luis Gómez 0-0: Ball
1-0: Swinging Strike
1-1: DOUBLE (Flyball, 78D)
Ed Patterson to third
Batting: RHB Pedro Sánchez 0-0: Called Strike
0-1: Ground out 4-3 (Groundball, 4)
Batting: LHB Mike Casey 0-0: Intentional Walk
Batting: RHB Don Thomas 0-0: Swinging Strike
0-1: Ball
1-1: Ball
2-1: Foul Ball, location: 2F
2-2: SINGLE (Groundball, 56D)
Ed Patterson scores
Luis Gómez to third
Mike Casey to second
Batting: RHB Bartolo Lińares 0-0: Foul Ball, location: 2F
0-1: Ball
1-1: Swinging Strike
1-2: Strikes out swinging
Batting: RHB Jim Unknown 0-0: Fly out, F7 (Flyball, 78M)
Top of the 10th over - 1 run(s), 3 hit(s), 0 error(s), 3 left on base; Milton 5 - Winchester 4
BOTTOM OF THE 10TH
Winchester Cosmos batting - Pitching for Milton Bills : RHP Jim Unknown
Batting: RHB Manny Hernández 0-0: Ball
1-0: Called Strike
1-1: Ball
2-1: Foul Ball, location: 2F
2-2: Reached on error, E4 (Groundball, 4S)
Batting: RHB Ángel González 0-0: DOUBLE (Line Drive, 78M)
Manny Hernández to third
Batting: SHB Joe Mueller 0-0: Fly out, F5 (Popup, 5SF)
Batting: RHB Lou Woodward 0-0: Ground out 5-3 (Groundball, 56S)
Batting: RHB Júlio Aguirre 0-0: Called Strike
0-1: Ground out 4-3 (Groundball, 4)
Bottom of the 10th over - 0 run(s), 1 hit(s), 1 error(s), 2 left on base; Milton 5 - Winchester 4
This league is powered by Out of the Park Baseball, the baseball management simulation game for PC, Mac and Linux
Saturday, February 27th, 2021 - OOTP Baseball 15.6 Build 34